 Dungeon Crawl Stone Soup version 0.19-a0-742-g4563caa (webtiles) character file.

2 ololoev the Vexing (level 1, 2/16 HPs)
             Began as a Ghoul Arcane Marksman on June 23, 2016.
             Quit the game on level 1 of the Dungeon.
             The game lasted 00:00:47 (374 turns).

ololoev the Vexing (Ghoul Arcane Marksman)           Turns: 374, Time: 00:00:47

Health: 2/16       AC:  2    Str: 14    XL:     1   Next: 40%
Magic:  1/1        EV: 12    Int:  8    God:
Gold:   10         SH:  0    Dex:  8    Spells: 0 memorised, 2 levels left

rFire  . . .     SeeInvis .     e - +0 mace
rCold  + . .     Gourm    .     a - +0 robe
rNeg   + + +     Faith    .     (no shield)
rPois  ∞         Spirit   .     (no helmet)
rElec  .         Dismiss  .     (no cloak)
rCorr  .         Reflect  .     (no gloves)
SustAt .         Harm     .     (no boots)
MR     .....                    (no amulet)
Stlth  +.........               (no ring)
                                (no ring)

@: rotting, not resistant to hostile enchantments, very unstealthy
A: rotting body, claws 1, carnivore 3, cold resistance 1, negative energy
resistance 3, slow regeneration 1, torment resistance, unbreathing
a: no special abilities


Innate Abilities, Weirdness & Mutations

Your body is rotting away.
You thrive on raw meat.
You are immune to poison.
You have sharp fingernails.
You are carnivorous and can eat meat at any time.
Your flesh is cold resistant. (rC+)
You are immune to negative energy. (rN+++)
You regenerate slowly when monsters are visible.
You are immune to unholy pain and torment.
You can survive without breathing.

Inventory:

Hand Weapons
 e - a +0 mace (weapon)
Missiles
 c - 5 javelins (quivered)
 d - 2 throwing nets
Armour
 a - a +0 robe (worn)
Scrolls
 b - a scroll of enchant armour {unknown}
Potions
 g - 2 potions of curing {unknown}
Comestibles
 f - 2 meat rations
 h - a chunk of flesh


   Skills:
 + Level 1.2 Fighting
 * Level 0.3 Maces & Flails
 * Level 1.8 Throwing
 + Level 0.0 Armour
 - Level 1.7 Dodging
 - Level 1.0 Spellcasting
   Level 2.4 Hexes


You had 2 spell levels left.
You didn't know any spells.


You were on level 1 of the Dungeon.
You were not hungry.

You visited 1 branch of the dungeon, and saw 1 of its levels.

You collected 10 gold pieces.

### # ..# ##.# ###.### #....
..... #....###.##########
#......rl@g....l.
.#####.####################
...r........................
...####........÷..#########.
###.#######.##.# #.
...#######.##.######.
.'.....................
##...########.#########
......................

Notes
Turn   | Place    | Note
--------------------------------------------------------------
     0 | D:1      | ololoev the Ghoul Arcane Marksman began the quest for the Orb.
     0 | D:1      | Reached XP level 1. HP: 16/16 MP: 1/1
   374 | D:1      | Quit the game

Dungeon Overview and Level Annotations

Branches:
Dungeon (1/15)

Altars:


Message History

The kobold hits you. The kobold barely misses you.
You barely miss the kobold.
The kobold is severely wounded.
The kobold misses you.
You barely miss the kobold.
The kobold is severely wounded.
The kobold misses you. The kobold closely misses you.
You sock the kobold!
You kill the kobold!
Eat a chunk of flesh? (ye/n/q/i?) This raw flesh tastes great!
You continue eating. x2
You start resting.
HP restored.
You feel your flesh rotting away.
Found 27 stones.
A goblin comes into view.
The goblin shouts!
Found 2 metallic coppery potions.
A goblin is nearby!
A goblin is nearby!
The goblin hits you.
Found a meat ration.
You barely miss the goblin. The goblin hits you.
The goblin hits you but does no damage.
You closely miss the goblin. The goblin barely misses you.
You barely miss the goblin. The goblin barely misses you.
You hit the goblin.
The goblin is severely wounded.
The goblin drinks a potion.
The goblin is healed!
The goblin misses you.
You hit the goblin.
You kill the goblin!
No target in view!
No target in view!
No target in view!
No target in view!
No target in view!
g - 2 metallic coppery potions You see here a goblin corpse.
You butcher the goblin corpse.
h - 3 chunks of flesh You see here a goblin skeleton.
Eat one of 3 chunks of flesh? (ye/n/q/i?)
You feel more resilient.
This raw flesh tastes great!
You continue eating. x2
f - 2 meat rations (gained 1)
A giant gecko and a rat come into view.
There are monsters nearby!
There are monsters nearby!
You completely miss the giant gecko. The giant gecko bites you.
You closely miss the giant gecko. The giant gecko bites you.
The giant gecko completely misses you.
You closely miss the giant gecko. The giant gecko barely misses you.
The rat bites you.
The giant gecko bites you but does no damage.
You are too injured to fight recklessly!
You are too injured to fight recklessly!
You are too injured to fight recklessly!
You are too injured to fight recklessly!
You are too injured to fight recklessly!
You are too injured to fight recklessly!
You are too injured to fight recklessly!
You are too injured to fight recklessly!
You are too injured to fight recklessly!
You are too injured to fight recklessly!
The rat bites you. The rat bites you.
A goblin comes into view.
The goblin shouts!
The giant gecko bites you.
Eat one of 2 chunks of flesh? (ye/n/q/i?) This raw flesh tastes great!
The giant gecko completely misses you.
You continue eating.
The giant gecko barely misses you. The goblin barely misses you.
You continue eating.
The giant gecko bites you. The goblin hits you.
You hit the giant gecko but do no damage.
The giant gecko closely misses you. The goblin barely misses you.
The giant gecko misses you.
Are you sure you want to abandon this character and quit the game? (Confirm with "yes".)

You could see a giant gecko, a goblin, a giant newt and a rat.

Vanquished Creatures
  A goblin (D:1)
  A bat (D:1)
  A kobold (D:1)
3 creatures vanquished.

Action                   || total
-------------------------++-------
Melee: Mace              ||    26
  Eat: Chunk             ||     3
Armor: Robe              ||     4
Dodge: Dodged            ||    31

Vault maps used:
D:1:      dpeg_arrival_three_bigger_balls
